 Dungeon Crawl Stone Soup version 0.26-a0-712-ga5a9c9c9d0 (webtiles) character file.

Game seed: 290923591536496708

189 Azzok the Chopper (level 5, -3/41 HPs)
             Began as a Demonspawn Berserker on Nov 9, 2020.
             Was a Believer of Trog.
             Slain by Grinder (4 damage)
             ... while paralysed by Grinder
             ... on level 2 of the Dungeon.
             The game lasted 00:02:30 (2562 turns).

Azzok the Chopper (Demonspawn Berserker)            Turns: 2562, Time: 00:02:31

Health: -3/41      AC: 12    Str: 19    XL:     5   Next: 40%
Magic:  5/5        EV:  2    Int:  8    God:    Trog [**....]
Gold:   120        SH:  0    Dex: 12    Spells: 4/4 levels left

rFire    . . .     SeeInvis .   p - +3 quarterstaff (chaos)
rCold    . . .     Faith    .   (shield currently unavailable)
rNeg     . . .     Spirit   .   r - +0 chain mail
rPois    .         Reflect  .   (no helmet)
rElec    .         Harm     .   q - +1 cloak
rCorr    .         Rampage  .   (no gloves)
MR       .....                  (no boots)
Stlth    ..........             (no amulet)
HPRegen  0.13/turn              (no ring)
MPRegen  0.09/turn              (no ring)

@: paralysed, berserk cooldown, slowed
A: yellow scales 1
a: Berserk, Trog's Hand, Renounce Religion


You were on level 2 of the Dungeon.
You worshipped Trog.
Trog was pleased with you.
You visited 1 branch of the dungeon, and saw 3 of its levels.

You collected 120 gold pieces.

Inventory:

Hand Weapons
 a - a +0 hand axe
 p - a +3 quarterstaff of chaos (weapon)
Armour
 q - a +1 cloak (worn)
 r - a +0 chain mail (worn)
Wands
 f - a wand of paralysis (11)
Scrolls
 b - a scroll of remove curse
 d - 3 scrolls of identify {unknown}
 e - 2 scrolls of enchant armour {unknown}
 k - a scroll of immolation {unknown}
 l - a scroll of magic mapping {unknown}
 o - 2 scrolls of fog {unknown}
Potions
 c - 2 potions of flight {unknown}
 g - 2 potions of berserk rage {unknown}
 h - 2 potions of lignification {unknown}
 i - a potion of mutation {unknown}
 j - a potion of brilliance {unknown}
 m - a potion of curing {unknown}


   Skills:
 - Level 3.0 Fighting
 + Level 5.6 Axes
 - Level 1.7 Armour
 - Level 1.7 Dodging


You had 4 spell levels left.
You didn't know any spells.
Your spell library was empty.

Dungeon Overview and Level Annotations

Branches:
Dungeon (3/15)

Altars:
Fedhas

Annotations:
D:3 Grinder


Innate Abilities, Weirdness & Mutations

You are partially covered in yellow scales. (AC +2)


Message History

You barely miss something. Pain shoots through your body!
You see here a +0 dagger.
There is an escape hatch in the ceiling here.
Something completely misses you. A mysterious force pulls you upwards.
The hatch slams shut behind you.
Reactivating autopickup.
Something hits you but does no damage.
Deactivating autopickup; reactivate with Ctrl-A.
Something hits you!
* * * LOW HITPOINT WARNING * * *
You writhe in agony.
* * * LOW HITPOINT WARNING * * *
You suddenly lose the ability to move!
Something hits you but does no damage. Something hits you but does no damage.
Something hits you.
* * * LOW HITPOINT WARNING * * *
You writhe in agony.
You die...

▒▒▒▒▒ ▒▒>··▒▒
▒▒·····▒▒▒▒▒▒
▒···(····@··▒ ▒▒▒▒▒
▒·······▒▒▒'▒▒▒▒▒▒
····▒▒▒▒·······▒ ▒▒≈≈≈≈≈▒
▒▒▒···········▒▒ ▒≈····▒
(·············▒▒ ▒≈····▒
▒▒▒▒▒▒▒▒·······▒▒▒▒≈····▒▒
▒▒▒▒▒▒▒▒·······▒··▒▒▒▒▒▒'▒
▒▒·············)·········▒
▒▒▒···········(▒········▒▒


There were no monsters in sight!

Vanquished Creatures
  A bullfrog (D:3)
  Crazy Yiuf (D:2)
  3 adders
  2 worms (D:2)
  An orc (D:3)
  5 giant cockroaches
  6 goblins
  11 hobgoblins
  2 jackals (D:2)
  2 quokkas (D:2)
  A ball python (D:1)
  6 bats
  6 frilled lizards (D:2)
  7 kobolds
  7 rats
61 creatures vanquished.

Notes
Turn   | Place    | Note
-------+----------+-------------------------------------------
     0 | D:1      | Azzok the Demonspawn Berserker began the quest for the Orb.
     0 | D:1      | Reached XP level 1. HP: 18/18 MP: 1/1
     8 | D:1      | Found a blossoming altar of Fedhas.
   181 | D:1      | Reached skill level 3 in Axes
   272 | D:1      | Gained mutation: You are partially covered in yellow
                  | scales. (AC +2) [demonic ancestry]
   272 | D:1      | Reached XP level 2. HP: 24/24 MP: 2/2
   891 | D:1      | Reached XP level 3. HP: 12/29 MP: 3/3
  1229 | D:2      | Reached skill level 4 in Axes
  1313 | D:2      | Reached ** piety under Trog
  1788 | D:2      | Found a runed translucent door.
  1789 | D:2      | Noticed Crazy Yiuf
  1833 | D:2      | Reached XP level 4. HP: 33/35 MP: 4/4
  2166 | D:2      | Killed Crazy Yiuf
  2272 | D:3      | Reached skill level 5 in Axes
  2369 | D:3      | Noticed a bullfrog
  2380 | D:3      | Killed a bullfrog
  2380 | D:3      | Reached XP level 5. HP: 22/41 MP: 5/5
  2531 | D:3      | Noticed Grinder
  2559 | D:2      | Paralysed by something for 4 turns
  2562 | D:2      | HP: 1/41 [something (5)]
  2562 | D:2      | Slain by Grinder

Illustrated notes

Levels and vault maps discovered:
D:1:      dpeg_arrival_lava_altar, layout_loops_cross, minmay_small_reverse_x
D:2:      cheibrodos_helix_gallery, layout_rooms, serial_glass, glass_columns_a,
          glass_columns_c, chequers_serial_rivers_room_a,
          uniq_crazy_yiuf_cottage
D:3:      layout_basic, serial_undead, serial_undead_c, serial_undead_c,
          serial_undead_e, serial_undead_a, nicolae_ru_sacrificial_ziggurat,
          uniq_grinder

Skill      XL: |  1  2  3  4 |
---------------+-------------+-----
Axes           | 3 4 5 |  5.6
Fighting       | |  3.0
Armour         | |  1.7
Dodging        | |  1.7

Action                   |  1- 3 |  4- 6 || total
-------------------------+-------+-------++-------
Melee: Hand axe          |   138 |    18 ||   156
       Quarterstaff      |       |    33 ||    33
Invok: Berserk           |     2 |     2 ||     4
  Use: Scroll            |       |     1 ||     1
Armor: Animal skin       |     3 |       ||     3
       Ring mail         |    52 |     6 ||    58
       Chain mail        |       |    25 ||    25
Dodge: Dodged            |    91 |    21 ||   112

Table legend: (Time is in decaauts)
 A = Elapsed time spent in this place.
 B = Non-inter-level travel time spent in this place.
 C = Inter-level travel time spent in this place.
 D = Time resting spent in this place.
 E = Time spent auto-exploring this place.
 F = Levels seen in this place.
 G = Mean time per level.
                   A        B        C        D        E       F      G
               +--------+--------+--------+--------+--------+-----+--------+
         Total |   2624 |   2534 |     90 |    488 |   1570 |   3 |  874.7 |
       Dungeon |   2624 |   2534 |     90 |    488 |   1570 |   3 |  874.7 |
               +--------+--------+--------+--------+--------+-----+--------+

Top non-repeatable levels by time:
     D:2: 1182 daAuts
     D:1: 1142 daAuts
     D:3: 300 daAuts
